 Dungeon Crawl Stone Soup version 0.14-a0-3405-g7f0333e (console) character file.

30213 yaktaur the Severer (level 13, -15/154 HPs)
             Began as a Centaur Fighter on Mar 21, 2014.
             Was an Elder of Trog.
             Demolished by Rupert
             ... wielding a +0,+5 great sword of holy wrath
              (21 damage)
             ... on Level 4 of the Lair of Beasts.
             The game lasted 01:31:39 (8381 turns).

yaktaur the Severer (Centaur Fighter)               Turns: 8381, Time: 01:31:40

HP -15/154       AC 21     Str 25      XL: 13   Next: 14%
MP   9/9         EV  2     Int 11      God: Trog [****..]
Gold 820         SH  0     Dex  9      Spells:  0 memorised, 12 levels left

rFire  + + .     SeeInvis .     V - +2,+0 battleaxe
rCold  . . .     Clarity  .     E - +1 plate armour {rF+}
rNeg   . . .     Conserve .     (no shield)
rPois  .         rCorr    .     O - +0 helmet
rElec  .         rRot     .     Q - +0 cloak
SustAb . .       Spirit   .     x - +0 pair of gloves
rMut   .         Warding  .     D - +4 centaur barding
Gourm  +         Stasis   .     a - amulet of the gourmand
MR     +++..                    N - ring of protection from fire {unknown}
                                n - ring of protection from magic

@: regenerating, berserking, very quick, extremely resistant to hostile
enchantments, extremely unstealthy
A: hooves 3, deformed body, herbivore 1, speed 2, fast metabolism 1, robust 1,
tough skin 3
a: Burn Spellbooks, Berserk, Trog's Hand, Brothers in Arms, Renounce Religion


You were on level 4 of the Lair of Beasts.
You worshipped Trog.
Trog was greatly pleased with you.
You were very hungry.

You visited 3 branches of the dungeon, and saw 20 of its levels.
You also visited: Labyrinth.

You collected 820 gold pieces.

Inventory:

Hand weapons
 y - a +1,+0 broad axe
 J - the -3,+7 mace of Geumem {freeze, rPois rF+ rN+ SInv Stlth++}
   (You found it on level 10 of the Dungeon)

   It has been specially enchanted to freeze those struck by it, causing extra
   injury to most foes and up to double damage against particularly susceptible
   opponents.
   It can also slow down cold-blooded creatures.
   It protects you from fire.
   It protects you from poison.
   It protects you from negative energy.
   It enhances your eyesight.
   It makes you much more stealthy.
 R - the +6,+8 longbow of Indomitability {speed, rElec SInv, unknown}
   (You found it on level 8 of the Lair of Beasts)

   Attacks with this weapon are significantly faster.
   It insulates you from electricity.
   It enhances your eyesight.
 V - a +2,+0 battleaxe (weapon)
Armour
 x - a +0 pair of gloves (worn)
 C - a +5 ring mail of fire resistance
 D - a +4 centaur barding (worn)
 E - a +1 plate armour of fire resistance (worn)
 I - a +1 plate armour of poison resistance
 O - a +0 helmet (worn)
 Q - a +0 cloak (worn)
Magical devices
 c - a wand of confusion (5)
 q - a wand of draining (3)
 v - a wand of polymorph (9)
 A - a wand of digging (8)
 P - a wand of disintegration (5)
 W - a wand of fireball (3)
 X - a wand of cold (5)
Comestibles
 d - 14 bread rations
 w - 9 slices of pizza
 z - 4 meat rations
 M - a royal jelly
 Y - 3 apricots
Scrolls
 e - 3 scrolls of enchant weapon I {unknown}
 g - a scroll of immolation {unknown}
 h - 3 scrolls of enchant weapon II {unknown}
 j - a scroll of acquirement
 k - 2 scrolls of fear
 F - a scroll of blinking
 L - a scroll of magic mapping
 U - a scroll of recharging
 Z - 2 scrolls of remove curse
Jewellery
 a - an amulet of the gourmand (around neck)
 n - a ring of protection from magic (left hand)
 p - an uncursed amulet of clarity
 H - an uncursed ring of teleportation
 N - a ring of protection from fire (right hand) {unknown}
Potions
 f - 3 potions of flight
 i - 4 potions of brilliance
 m - a potion of mutation {unknown}
 o - 4 potions of curing
 r - 3 potions of restore abilities {unknown}
 G - a potion of haste
Books
 l - a book of Air

   Spells                             Type                      Level
   Shock                              Conjuration/Air              1
   Swiftness                          Charms/Air                   2
   Repel Missiles                     Charms/Air                   2
   Flight                             Charms/Air                   3
   Static Discharge                   Conjuration/Air              3
   Lightning Bolt                     Conjuration/Air              5
   Trog disapproves of the use of such an item.
 t - a book of Summonings

   Spells                             Type                      Level
   Abjuration                         Summoning                    3
   Recall                             Summoning/Translocation      3
   Summon Elemental                   Summoning                    4
   Shadow Creatures                   Summoning                    5
   Summon Demon                       Summoning                    5
   Monstrous Menagerie                Summoning                    6
   Trog disapproves of the use of such an item.
 u - a book of Dreams

   Spells                             Type                      Level
   Ensorcelled Hibernation            Hexes/Ice                    2
   Flight                             Charms/Air                   3
   Phase Shift                        Translocation                5
   Shadow Creatures                   Summoning                    5
   Mass Confusion                     Hexes                        6
   Darkness                           Hexes                        7
   Trog disapproves of the use of such an item.
 B - a book of Enchantments

   Spells                             Type                      Level
   Cause Fear                         Hexes                        4
   Silence                            Hexes/Air                    5
   Tukima's Dance                     Hexes                        5
   Deflect Missiles                   Charms/Air                   6
   Haste                              Charms                       6
   Discord                            Hexes                        8
   Trog disapproves of the use of such an item.
 K - a book of Power

   Spells                             Type                      Level
   Fulminant Prism                    Conjuration/Hexes            4
   Iskenderun's Mystic Blast          Conjuration                  4
   Venom Bolt                         Conjuration/Poison           5
   Bolt of Magma                      Conjuration/Fire/Earth       5
   Iron Shot                          Conjuration/Earth            6
   Orb of Destruction                 Conjuration                  7
   Trog disapproves of the use of such an item.
 S - the Almanac of Curses
   (You found it in a labyrinth)

   Spells                             Type                      Level
   Ensorcelled Hibernation            Hexes/Ice                    2
   Inner Flame                        Hexes/Fire                   3
   Confuse                            Hexes                        3
   Cause Fear                         Hexes                        4
   Enslavement                        Hexes                        4
   Tukima's Dance                     Hexes                        5
   Invisibility                       Hexes                        6
   Discord                            Hexes                        8
   Trog disapproves of the use of such an item.
Miscellaneous
 b - a lantern of shadows


   Skills:
 - Level 3.0 Fighting
 + Level 19.0 Axes
 - Level 2.1 Armour
   Level 2.1 Shields


You had 12 spell levels left.
You didn't know any spells.

Dungeon Overview and Level Annotations

Branches:
Dungeon (11/15)            Temple (1/1) D:6            Lair (8/8) D:11
  Swamp (0/5) Lair:3        Snake (0/5) Lair:5
    Orc: D:9-12       Slime: Lair:6-8

Altars:
Cheibriados
Elyvilon
Fedhas
Kikubaaqudgha
Makhleb
Nemelex Xobeh
Sif Muna
Trog
Xom
Yredelemnul
Zin

Shops:
D:6 =   D:10 !

Annotations:
D:4 Prince Ribbit
Lair:4 Rupert


Innate Abilities, Weirdness & Mutations

You have hooves in place of feet.
Armour fits poorly on your strangely shaped body.
You digest meat inefficiently.
You cover ground very quickly.
You have a fast metabolism.
You have extremely tough skin (AC +3).
You are robust (+10% HP).


Message History

Rupert is engulfed in roaring flames.
Rupert hits you with a glowing great sword!
* * * LOW HITPOINT WARNING * * *
You barely miss Rupert. You kick Rupert!
Rupert is heavily wounded.
You slice Rupert!! You kick Rupert!
Rupert is severely wounded.
Rupert is engulfed in roaring flames.
Rupert hits you with a glowing great sword!
* * * LOW HITPOINT WARNING * * *
You slash Rupert! You kick Rupert!!
Rupert is almost dead.
You slash Rupert! You kick Rupert!
Rupert is almost dead.
Rupert hits you with a glowing great sword!
* * * LOW HITPOINT WARNING * * *
You closely miss Rupert.
Rupert is almost dead.
Rupert hits you with a glowing great sword!
You die...

#### ### # ###
##########.#.####f###
#.#..##.#..#.#f..##..#....#
......#......@.ff.#...f...#
...f........P###@..........# .
..............#@..........## ..
..........#..#.....##.....#
###.
..........###..#....###..###...
...........#######.P...#..##...
..........#.# #.............
%......#..## #...........#.
.......#.. #..........##.
....#. #. #....#...........# ..
. # ..P...#..........


You could see Rupert (berserk).

Vanquished Creatures
  A minotaur (Lab)
  2 hydras
  7 death yaks
  A centaur warrior (D:10)
  Nergalle (Lair:6)
  A catoblepas (Lair:5)
  A lindwurm (Lair:8)
  3 wolf spiders (Lair:8)
  A feature mimic (Lair:8)
  11 spiny frogs
  9 black mambas
  5 fire drakes
  2 komodo dragons
  A spriggan (D:9)
  3 basilisks
  14 yaks
  A redback (Lair:8)
  A deep elf mage (D:7)
  6 hippogriffs
  A hill giant zombie (D:8)
  3 wyverns (Lair:8)
  A steam dragon (Lair:6)
  3 wargs (D:11)
  3 nagas (Lair:5)
  15 water moccasins
  A necrophage (D:5)
  3 spiders (Lair:8)
  4 porcupines
  A sky beast (D:8)
  A centaur (D:6)
  An orc warrior (D:10)
  A phantom (D:4)
  2 ice beasts
  Duvessa (D:5)
  3 crocodiles
  2 ogres
  6 giant slugs
  3 lava worms (Lair:8)
  A gnoll sergeant (D:8)
  7 giant frogs
  An eye of draining (D:10)
  A scorpion (D:7)
  A yak zombie (D:10)
  3 wandering mushrooms (Lab)
  Dowan (D:5)
  6 hounds
  7 orc priests
  A giant frog skeleton (D:9)
  2 jellies (Lair:8)
  10 worker ants
  6 orc wizards
  3 iguanas
  12 sheep (Lair:8)
  A big kobold zombie (D:10)
  A hound skeleton (D:6)
  28 green rats
  6 gnolls
  3 giant mites
  20 adders
  2 worms
  3 giant eyeballs
  An orc skeleton (D:6)
  6 giant geckos
  6 oozes
  33 orcs
  8 bats
  6 giant cockroaches
  10 hobgoblins
  8 jackals
  8 kobolds
  7 quokkas
  A giant gecko zombie (D:8)
  3 giant newts
  A giant newt skeleton (D:5)
  5 goblins
  A hobgoblin skeleton (D:8)
  13 rats
  A rat skeleton (D:4)
  2 spectral orcs (Lair:6)
  A ballistomycete (D:8)
  6 fungi
  3 plants
382 creatures vanquished.

Vanquished Creatures (others)
  2 water moccasins (Lair:8)
  A hound (D:6)
  An orc priest (D:6)
  A quokka (Lair:5)
  3 fungi
  3 plants (Lair:8)
11 creatures vanquished.

Grand Total: 393 creatures vanquished

Notes
Turn   | Place    | Note
--------------------------------------------------------------
     0 | D:1      | yaktaur, the Centaur Fighter, began the quest for the Orb.
     0 | D:1      | Reached XP level 1. HP: 19/19 MP: 1/1
   123 | D:1      | Reached XP level 2. HP: 20/26 MP: 2/2
   218 | D:2      | Found a snail-covered altar of Cheibriados.
   325 | D:3      | Reached XP level 3. HP: 20/31 MP: 3/3
   404 | D:3      | Reached XP level 4. HP: 17/38 MP: 3/3
   430 | D:3      | Reached skill level 4 in Axes
   849 | D:4      | Reached XP level 5. HP: 43/45 MP: 4/4
   862 | D:5      | Entered Level 5 of the Dungeon
   862 | D:5      | Noticed a necrophage
   933 | D:4      | Reached skill level 5 in Axes
  1029 | D:4      | Noticed Prince Ribbit
  1106 | D:5      | Noticed an ogre
  1107 | D:5      | Noticed Duvessa
  1107 | D:5      | Noticed Dowan
  1118 | D:5      | Killed an ogre
  1121 | D:5      | Killed Duvessa
  1121 | D:5      | Reached skill level 6 in Axes
  1121 | D:5      | Reached XP level 6. HP: 46/51 MP: 5/5
  1131 | D:5      | Killed Dowan
  1322 | D:5      | Killed a necrophage
  1360 | D:5      | Reached skill level 7 in Axes
  1360 | D:5      | Reached XP level 7. HP: 42/57 MP: 5/5
  1430 | D:6      | Found a shimmering altar of Xom.
  1503 | D:5      | Reached skill level 8 in Axes
  1882 | D:5      | Noticed an ogre
  1977 | D:4      | Noticed a phantom
  2011 | D:4      | Killed a phantom
  2011 | D:4      | Reached XP level 8. HP: 28/63 MP: 6/6
  2072 | D:5      | Found a sparkling altar of Nemelex Xobeh.
  2102 | D:6      | Found Cizaicosk's Jewellery Emporium.
  2213 | D:5      | Reached skill level 9 in Axes
  2323 | D:6      | Found a staircase to the Ecumenical Temple.
  2328 | Temple   | Entered the Ecumenical Temple
  2341 | Temple   | Became a worshipper of Trog the Wrathful
  2397 | D:6      | Paralysed by a giant eyeball for 4 turns
  2493 | D:6      | scroll COESAJ destroyed
  2637 | D:7      | Reached skill level 10 in Axes
  2921 | D:8      | Acquired Trog's first power
  3091 | D:9      | Reached XP level 9. HP: 60/69 MP: 7/7
  3221 | D:9      | Reached skill level 11 in Axes
  3675 | D:10     | Entered Level 10 of the Dungeon
  3729 | D:10     | Got a dazzling mace
  3738 | D:10     | Gained mutation: You are robust (+10% HP). [potion of beneficial mutation]
  3742 | D:10     | Noticed a centaur warrior
  3766 | D:10     | Killed a centaur warrior
  3766 | D:10     | Reached skill level 12 in Axes
  3833 | D:10     | Acquired Trog's second power
  3869 | D:10     | Found Psiosuch's Distillery.
  3995 | D:11     | Found a staircase to the Lair.
  4057 | D:11     | Reached XP level 10. HP: 67/84 MP: 7/7
  4097 | D:11     | Reached skill level 13 in Axes
  4138 | Lair:1   | Entered Level 1 of the Lair of Beasts
  4186 | Lair:1   | Identified the cursed -3,+7 mace of Geumem {freeze, rPois rF+ rN+ SInv Stlth++} (You found it on level 10 of the Dungeon)
  4483 | Lair:2   | Reached skill level 14 in Axes
  4834 | Lair:3   | Found a staircase to the Swamp.
  4882 | Lair:4   | Noticed a seven-headed hydra
  4890 | Lair:4   | Killed a seven-headed hydra
  4890 | Lair:4   | Reached XP level 11. HP: 73/90 MP: 8/8
  4951 | Lair:4   | Identified a scroll of acquirement
  5057 | Lair:5   | Reached skill level 15 in Axes
  5085 | Lair:5   | Found a labyrinth entrance.
  5103 | Lab      | Entered a labyrinth
  5380 | Lab      | Noticed a minotaur
  5394 | Lab      | Killed a minotaur
  5407 | Lab      | Identified the Almanac of Curses (You found it in a labyrinth)
  5413 | Lab      | Identified Lehudib's Catalogue of Earth (You found it in a labyrinth)
  5596 | Lair:5   | Noticed a six-headed hydra
  5834 | Lair:5   | Noticed a four-headed hydra
  5926 | Lair:6   | Noticed Nergalle
  5944 | Lair:6   | Killed Nergalle
  5944 | Lair:6   | Reached skill level 16 in Axes
  6054 | Lair:6   | Noticed a death yak
  6056 | Lair:6   | Noticed a death yak
  6062 | Lair:6   | Noticed a death yak
  6071 | Lair:6   | Killed a death yak
  6076 | Lair:6   | Killed a death yak
  6080 | Lair:6   | Killed a death yak
  6259 | Lair:7   | Noticed a death yak
  6259 | Lair:7   | Noticed a death yak
  6259 | Lair:7   | Noticed a death yak
  6259 | Lair:7   | Noticed a death yak
  6274 | Lair:7   | Killed a death yak
  6280 | Lair:7   | Killed a death yak
  6280 | Lair:7   | Reached skill level 17 in Axes
  6280 | Lair:7   | Reached XP level 12. HP: 66/97 MP: 9/9
  6284 | Lair:7   | Killed a death yak
  6290 | Lair:7   | Killed a death yak
  6331 | Lair:7   | Acquired Trog's third power
  6473 | Lair:8   | Entered Level 8 of the Lair of Beasts
  6474 | Lair:8   | Noticed a seven-headed hydra
  6485 | Lair:8   | Killed a seven-headed hydra
  6531 | Lair:6   | Noticed a seven-headed hydra
  6573 | Lair:5   | Noticed a catoblepas
  6591 | Lair:5   | Killed a catoblepas
  6848 | Lair:8   | Found a staircase to the Slime Pits.
  6869 | Lair:8   | the staircase to the Slime Pits was a mimic.
  6891 | Lair:8   | Got an ancient longbow
  7026 | Lair:8   | Reached skill level 18 in Axes
  7818 | Lair:8   | Reached XP level 13. HP: 67/103 MP: 9/9
  8049 | Lair:8   | Reached skill level 19 in Axes
  8146 | Lair:5   | Found a staircase to the Snake Pit.
  8323 | Lair:4   | Noticed Rupert
  8380 | Lair:4   | HP: 5/154 [Rupert/glowing great sword (24)]
  8381 | Lair:4   | Demolished by Rupert

Action                   |  1- 3 |  4- 6 |  7- 9 | 10-12 | 13-15 || total
-------------------------+-------+-------+-------+-------+-------++-------
Melee: War axe           |    78 |   106 |   353 |   294 |       ||   831
       Broad axe         |       |       |       |   341 |       ||   341
       Unarmed           |       |       |       |    29 |    12 ||    41
       Mace              |       |       |       |     3 |       ||     3
       Battleaxe         |       |       |       |       |   100 ||   100
Invok: Burn Spellbooks   |       |       |     1 |     1 |     1 ||     3
       Berserk           |       |       |     4 |    22 |     3 ||    29
       Trog's Hand       |       |       |     3 |    32 |     5 ||    40
Evoke: Wand              |       |       |     2 |    11 |     2 ||    15
  Use: Potion            |     2 |     2 |     4 |     7 |       ||    15
       Scroll            |       |       |    14 |     8 |       ||    22
